 Dungeon Crawl Stone Soup version 0.25-a0-339-gb37b713d4c (webtiles) character file.

Game seed: 4317398376415986590, levelgen mode: deterministic

482 imnir the Chopper (level 7, -4/60 HPs)
             Began as a Hill Orc Fighter on Dec 29, 2019.
             Slain by an ogre
             ... wielding a +0 giant spiked club
              (28 damage)
             ... on level 3 of the Dungeon.
             The game lasted 00:08:12 (3396 turns).

imnir the Chopper (Hill Orc Fighter)                Turns: 3396, Time: 00:08:12

Health: -4/60      AC:  8    Str: 21    XL:     7   Next: 12%
Magic:  7/7        EV:  7    Int:  8    God:
Gold:   185        SH:  9    Dex: 10    Spells: 6/6 levels left

rFire    . . .     SeeInvis .   a - +0 war axe
rCold    . . .     Gourm    .   c - +0 shield
rNeg     . . .     Faith    .   b - +0 scale mail
rPois    .         Spirit   .   (no helmet)
rElec    .         Reflect  .   (no cloak)
rCorr    .         Harm     .   q - +0 pair of gloves
MR       .....                  (no boots)
Stlth    ..........             (no amulet)
HPRegen  0.20/turn              (no ring)
MPRegen  0.10/turn              (no ring)

@: heavily drained
A: no striking features
a: no special abilities


You were on level 3 of the Dungeon.
You were very hungry.

You visited 1 branch of the dungeon, and saw 4 of its levels.

You collected 185 gold pieces.

Inventory:

Hand Weapons
 a - a +0 war axe (weapon)
Armour
 b - a +0 scale mail (worn)
 c - a +0 shield (worn)
 q - a +0 pair of gloves (worn)
Scrolls
 h - 3 scrolls of identify {unknown}
 i - a scroll of fear {unknown}
 j - a scroll of remove curse {unknown}
 k - 3 scrolls of teleportation {unknown}
 m - a scroll of noise {unknown}
 o - 2 scrolls of amnesia {unknown}
 p - a scroll of magic mapping {unknown}
Potions
 d - a potion of brilliance {unknown}
 e - 2 potions of lignification {unknown}
 g - a potion of heal wounds {unknown}
 l - 2 potions of haste {unknown}
 r - 2 potions of ambrosia {unknown}
Comestibles
 f - 6 rations


   Skills:
 + Level 4.8(3.5) Fighting
 + Level 6.3(5.0) Axes
 + Level 5.3(4.0) Armour
 + Level 0.1(0.0) Stealth
 + Level 4.9(3.6) Shields


You had 6 spell levels left.
You didn't know any spells.
Your spell library contained the following spells:

 Spells                   Type           Power        Failure   Level  Hunger
 Magic Dart               Conj           #...         99%         1    ##.....
 Blink                    Tloc           N/A          100%        2    ###....
 Call Imp                 Summ           #.......     100%        2    ###....
 Slow                     Hex            #.......     100%        2    ###....
 Conjure Flame            Conj/Fire      #.......     100%        3    ####...
 Mephitic Cloud           Conj/Pois/Air  #.......     100%        3    ####...


Dungeon Overview and Level Annotations

Branches:
Dungeon (4/15)
 Temple: D:4-7

Altars:


Message History

An ogre comes into view. It is wielding a +0 giant spiked club.
The ogre shouts!
The quokka skeleton barely misses you.
The quokka skeleton bites you but does no damage.
The gnoll barely misses you.
There is a stone staircase leading up here.
You block the quokka skeleton's attack.
The gnoll hits you from afar with a +0 spear.
You climb upwards.
There is a stone staircase leading down, spattered with blood here.
You climb downwards.
The quokka skeleton closely misses you.
The ogre hits you with a +0 giant spiked club.
There is a stone staircase leading up here.
The quokka skeleton bites you. You block the gnoll's attack.
The ogre hits you with a +0 giant spiked club!
You climb upwards.
There is a stone staircase leading down, spattered with blood here.
Your shield and scale mail prevent you from hitting the ogre.
The ogre hits you with a +0 giant spiked club!!
You die...

###.####.....##...#.##.
#.# ####..##...##.#.
#.#######..##...###..
#.##.......##...###..
#.##.####...........#
#.##.# #............
#.##.# #....<..)....
#.##.####.###...##.##
#...@O..#.###...##.#
####.##.........##.#
#.####.####.###.##
#.####.# #.# #...
#......# #.# #.##
######## #.# #.# #.#
#.## #.###... #.....##


You could see an ogre.

Vanquished Creatures
  Duvessa (D:4)
  A water moccasin (D:4)
  Dowan (D:4)
  A hound (D:4)
  3 worker ants
  6 adders
  2 gnolls (D:4)
  An ooze (D:2)
  A worm (D:3)
  2 leopard geckos
  5 orcs
  3 bats
  2 giant cockroaches
  A goblin (D:1)
  2 hobgoblins (D:3)
  2 quokkas
  3 frilled lizards
  5 kobolds
  5 rats
47 creatures vanquished.

Notes
Turn   | Place    | Note
-------+----------+-------------------------------------------
     0 | D:1      | imnir the Hill Orc Fighter began the quest for the Orb.
     0 | D:1      | Reached XP level 1. HP: 19/19 MP: 1/1
   240 | D:1      | Reached XP level 2. HP: 27/27 MP: 2/2
   529 | D:2      | Reached skill level 3 in Axes
   704 | D:2      | Reached XP level 3. HP: 27/33 MP: 3/3
  1592 | D:3      | Found a faded altar of an unknown god.
  1622 | D:3      | Reached XP level 4. HP: 40/40 MP: 4/4
  1743 | D:4      | Reached skill level 4 in Axes
  1747 | D:4      | Noticed a water moccasin
  2367 | D:4      | Reached XP level 5. HP: 38/46 MP: 5/5
  2412 | D:4      | Noticed Duvessa
  2413 | D:4      | Noticed Dowan
  2422 | D:4      | Killed Duvessa
  2422 | D:4      | Reached skill level 5 in Axes
  2422 | D:4      | Reached XP level 6. HP: 37/53 MP: 6/6
  2443 | D:4      | Killed Dowan
  2719 | D:4      | Killed a water moccasin
  2719 | D:4      | Reached skill level 6 in Axes
  3042 | D:4      | Reached skill level 5 in Armour
  3076 | D:4      | Reached XP level 7. HP: 60/60 MP: 7/7
  3396 | D:3      | Slain by an ogre

Levels and vault maps discovered:
D:1:      psy_arrival_spokes, layout_loops_ring
D:2:      layout_basic, kennysheep_generic_room_12
D:3:      layout_loops_ring, chequers_ecumenical_altar_simple,
          minmay_misc_feat_square
D:4:      layout_rooms, zin_academy, hangedman_decor_diamond_cutter,
          uniq_duvessa

Skill      XL: |  1  2  3  4  5  6 |
---------------+-------------------+-----
Axes           | 3 4 5 6 |  6.3
Shields        | 4 |  4.9
Fighting       | 4 |  4.8
Armour         | 4 5 |  5.3
Stealth        | |  0.1

Action                   |  1- 3 |  4- 6 |  7- 9 || total
-------------------------+-------+-------+-------++-------
Melee: War axe           |    80 |    99 |    32 ||   211
  Use: Potion            |       |     1 |       ||     1
  Eat: Chunk             |     2 |     5 |       ||     7
Armor: Scale mail        |    25 |    47 |    23 ||    95
Dodge: Dodged            |    18 |    47 |    18 ||    83
Block: Shield            |    43 |    54 |    24 ||   121

Table legend:
 A = Non-vault XP
 B = Vault XP
 C = Vault XP percentage of total XP
 D = Non-vault monster count
 E = Vault monster count
 F = Vault count percentage of total count
                 A         B        C        D         E       F
            +---------+---------+-------+---------+---------+-------
      Total |     455 |     234 |  34.0 |      44 |       3 |   6.4
            +---------+---------+-------+---------+---------+-------
        D:1 |      10 |       0 |   0.0 |       6 |       0 |   0.0
        D:2 |      32 |       7 |  17.9 |       6 |       1 |  14.3
        D:3 |     120 |       0 |   0.0 |      18 |       0 |   0.0
        D:4 |     293 |     227 |  43.7 |      14 |       2 |  12.5
            +---------+---------+-------+---------+---------+-------
